 Dungeon Crawl Stone Soup version 0.28-a0-476-g0f06bd746f (webtiles) character file.

Game seed: 936188918450221506

56 robertstho the Chopper (level 3, 0/24 HPs)
             Began as a Tengu Berserker on Sept 16, 2021.
             Was a Believer of Trog.
             Slain by an orc (4 damage)
             ... on level 2 of the Dungeon.
             The game lasted 00:01:06 (1336 turns).

robertstho the Chopper (Tengu Berserker)            Turns: 1336, Time: 00:01:06

Health: 0/24       AC:  2    Str: 18    XL:     3   Next: 95%
Magic:  4/4        EV:  7    Int:  7    God:    Trog [**....]
Gold:   51         SH: 10    Dex: 13    Spells: 2/2 levels left

rFire   . . .      SeeInvis .   a - +0 hand axe
rCold   . . .      Faith    .   e - +0 tower shield
rNeg    . . .      Spirit   .   b - +0 animal skin
rPois   .          Reflect  .   (helmet restricted)
rElec   .          Harm     .   (no cloak)
rCorr   .          Rampage  .   (no gloves)
Will    .....                   (boots unavailable)
Stlth   +.........              (no amulet)
HPRegen 0.08/turn               (no ring)
MPRegen 0.09/turn               (no ring)

@: on berserk cooldown, slowed, very slow
A: beak, talons 3
a: Renounce Religion, Berserk, Trog's Hand


You were on level 2 of the Dungeon.
You worshipped Trog.
Trog was pleased with you.
You visited 1 branch of the dungeon, and saw 2 of its levels.

You collected 51 gold pieces.

Inventory:

Hand Weapons
 a - a +0 hand axe (weapon)
Armour
 b - a +0 animal skin (worn)
 e - a +0 tower shield (worn)
Scrolls
 f - a scroll of identify {unknown}
Potions
 c - 3 potions of curing {unknown}
 d - a potion of resistance {unknown}


   Skills:
 * Level 3.7 Fighting
 + Level 3.8 Axes
 * Level 2.8 Armour
 + Level 2.7 Dodging


You had 2 spell levels left.
You didn't know any spells.
Your spell library was empty.

Dungeon Overview and Level Annotations

Branches:
Dungeon (2/15)

Altars:


Innate Abilities, Weirdness & Mutations

You have a beak for a mouth.
You have claws for feet.


Message History

Unknown command.
You slash the kobold!
You kill the kobold!
Trog accepts your kill.
Unknown command.
You slash the orc!
You kill the orc!
Trog accepts your kill.
The orc throws a boomerang.
The boomerang hits you.
Unknown command.
Items here: )) †††.
Unknown command.
You slash the orc!
You kill the orc!
Trog accepts your kill.
The orc hits you from afar with a +0 trident.
Unknown command.
You are no longer berserk.
You are exhausted.
You feel yourself slow down.
Unknown command.
You closely miss the orc. You claw the orc. Your peck misses the orc.
The orc is moderately wounded.
The orc hits you with a +0 trident. You block the orc's attack. x2
Unknown command.
You completely miss the orc. You claw the orc, but do no damage.
The orc is moderately wounded.
The orc hits you with a +0 trident. The orc barely misses you.
Unknown command.
You are too injured to fight recklessly!
Unknown command.
You are too injured to fight recklessly!
You are too injured to fight recklessly!
Unknown command.
You closely miss the orc.
The orc is moderately wounded.
The orc hits you with a +0 trident!
* * * LOW HITPOINT WARNING * * *
You block the orc's attack. The orc hits you with a +0 trident.
You die...

.........#....
.........#... #
. $......... ...
..
.........##.##..
...............
.......<.##.#
#...........#
..####...†).#
#....@)#
#..#..o...#
#..##........
#..##...##...
#..##.... .. #..
##.#.# . .#..
.#..#


You could see an orc.

Vanquished Creatures
  2 dart slugs (D:1)
  2 orcs (D:2)
  4 endoplasms
  A giant cockroach (D:2)
  3 goblins (D:1)
  8 hobgoblins (D:1)
  8 jackals
  5 kobolds
  A quokka (D:1)
  2 bats (D:1)
  A frilled lizard (D:1)
  6 rats
43 creatures vanquished.

Notes
Turn   | Place    | Note
-------+----------+-------------------------------------------
     0 | D:1      | robertstho the Tengu Berserker began the quest for the Orb.
     0 | D:1      | Reached XP level 1. HP: 14/14 MP: 2/2
   222 | D:1      | Reached XP level 2. HP: 17/19 MP: 3/3
   529 | D:1      | Reached ** piety under Trog
   667 | D:1      | Reached XP level 3. HP: 17/23 MP: 4/4
  1336 | D:2      | Slain by an orc

Illustrated notes

Levels and vault maps discovered:
D:1:      dpeg_arrival_arbitrary_c, layout_loops_corners
D:2:      cheibrodos_pilgrimage, layout_rooms, serial_shops, shop,
          minmay_divided_ellipse, uniq_robin

Action                   || total
-------------------------++-------
Melee: Hand axe          ||    62
       Peck              ||     7
       Kick              ||    16
Invok: Berserk           ||     1
 Stab: Sleeping          ||     1
Armor: Animal skin       ||     7
Dodge: Dodged            ||    22
Block: Tower shield      ||    13

Table legend: (Time is in decaauts)
 A = Elapsed time spent in this place.
 B = Non-inter-level travel time spent in this place.
 C = Inter-level travel time spent in this place.
 D = Time resting spent in this place.
 E = Time spent auto-exploring this place.
 F = Levels seen in this place.
 G = Mean time per level.
                   A        B        C        D        E       F      G
               +--------+--------+--------+--------+--------+-----+--------+
         Total |   1355 |   1324 |     31 |      0 |   1150 |   2 |  677.5 |
       Dungeon |   1355 |   1324 |     31 |      0 |   1150 |   2 |  677.5 |
               +--------+--------+--------+--------+--------+-----+--------+

Top non-repeatable levels by time:
     D:1: 1333 daAuts
     D:2: 21 daAuts
